 Dungeon Crawl Stone Soup version 0.19.1 (webtiles) character file.

130 Monsterracer the Firebug (level 4, -1/24 HPs)
             Began as a Deep Elf Fire Elementalist on Dec 13, 2016.
             Slain by a hound (3 damage)
             ... on level 4 of the Dungeon.
             The game lasted 00:08:03 (2430 turns).

Monsterracer the Firebug (DEFE)                     Turns: 2430, Time: 00:08:04

Health: -1/24      AC:  3    Str:  4 (5)  XL:     4   Next: 90%
Magic:  5/12       EV: 18    Int: 21      God:
Gold:   130        SH:  0    Dex: 19 (20) Spells: 3 memorised, 3 levels left

rFire  . . .     SeeInvis .     j - +0 dagger
rCold  . . .     Gourm    .     a - +0 robe
rNeg   . . .     Faith    .     (no shield)
rPois  .         Spirit   .     e - +0 helmet
rElec  .         Reflect  .     (no cloak)
rCorr  .         Harm     .     (no gloves)
MR     .....                    (no boots)
Stlth  +++.......               v - amulet of regeneration
                                (no ring)
                                h - ring of flight

@: agile
A: no striking features
a: Evoke Flight


You were on level 4 of the Dungeon.
You were not hungry.

You visited 1 branch of the dungeon, and saw 4 of its levels.

You collected 130 gold pieces.

Inventory:

Hand Weapons
 j - a +0 dagger (weapon)
Armour
 a - a +0 robe (worn)
 e - a +0 helmet (worn)
Jewellery
 h - a ring of flight (left hand)
 v - an amulet of regeneration (around neck)
Wands
 n - a wand of lightning (9/15)
Scrolls
 g - 2 scrolls of immolation {unknown}
 i - a scroll of blinking {unknown}
 m - a scroll of random uselessness {unknown}
 o - 2 scrolls of remove curse {unknown}
 q - a scroll of fear {unknown}
 r - a scroll of enchant weapon {unknown}
 s - a scroll of teleportation {unknown}
 t - 5 scrolls of fog {unknown}
Potions
 d - a potion of cancellation
 k - a potion of curing
 l - a potion of might
Books
 b - a book of Flames

   Spells                             Type                      Level
   a - Flame Tongue                   Conjuration/Fire             1
   b - Throw Flame                    Conjuration/Fire             2
   c - Conjure Flame                  Conjuration/Fire             3
   d - Inner Flame                    Hexes/Fire                   3
   e - Sticky Flame                   Conjuration/Fire             4
   f - Fireball                       Conjuration/Fire             5
Comestibles
 c - 2 bread rations
 f - 2 slices of pizza
 u - 5 fruits
 w - a chunk of flesh
 x - a royal jelly


   Skills:
 - Level 2.4 Dodging
 - Level 2.4 Stealth
 + Level 4.0 Spellcasting
 * Level 3.2 Conjurations
 * Level 4.7 Fire Magic


You had 3 spell levels left.
You knew the following spells:

 Your Spells              Type           Power        Failure   Level  Hunger
a - Flame Tongue          Conj/Fire      ###..        1%          1    None
b - Conjure Flame         Conj/Fire      ###.....     10%         3    ###....
c - Sticky Flame          Conj/Fire      ###.....     24%         4    ####...


Dungeon Overview and Level Annotations

Branches:
Dungeon (4/15)
 Temple: D:4-7

Altars:

Shops:
D:4 [

Annotations:
D:3 Philosophy's ghost, amateur FoFi


Message History

Confirm with . or Enter, or press ? or * to list all spells.
Aiming: Flame Tongue
Press: ? - help, Shift-Dir - straight line, f/p - hound
Aim: a hound (moderately wounded)
The flame tongue misses the hound.
The hound closely misses you. The hound completely misses you.
The hound closely misses you.
Casting: Flame Tongue
Confirm with . or Enter, or press ? or * to list all spells.
Aiming: Flame Tongue
Press: ? - help, Shift-Dir - straight line, f/p - hound
Aim: a hound (moderately wounded)
The flame tongue hits the hound.
The hound is heavily wounded.
The hound bites you.
* * * LOW HITPOINT WARNING * * *
The hound bites you.
* * * LOW HITPOINT WARNING * * *
The hound pauses to sniff the ground.
The hound bites you.
You die...

#.###'#..#
..###.#..###
.......>.#.#
###.#.##.#.##########
#.#.##.............
#.#.####........####
#.#.# #.##........#
#.#.# #.##....h...#
....#.#
..##...@h...###.#
#####..
...####+##........
.)..# #..#...#.
...... ..## .## #
##...## .... .....
......# #.....##
####...


You could see 2 hounds.

Vanquished Creatures
  A hound (D:4)
  A worker ant (D:4)
  An adder (D:3)
  An ooze (D:1)
  A worm (D:3)
  A dart slug (D:1)
  3 leopard geckos
  2 orcs
  3 giant cockroaches
  10 goblins
  4 hobgoblins
  5 jackals
  4 bats
  A frilled lizard (D:1)
  7 kobolds
  6 rats
51 creatures vanquished.

Notes
Turn   | Place    | Note
-------+----------+-------------------------------------------
     0 | D:1      | Monsterracer the Deep Elf Fire Elementalist began the quest for the Orb.
     0 | D:1      | Reached XP level 1. HP: 10/10 MP: 6/6
   217 | D:1      | Reached XP level 2. HP: 15/15 MP: 4/8
   585 | D:1      | Reached XP level 3. HP: 19/19 MP: 7/9
   692 | D:1      | Learned a level 3 spell: Conjure Flame
  1207 | D:2      | Gained mutation: You are dopey. (Int -2) [potion of mutation]
  1207 | D:2      | Gained mutation: Your body sometimes deteriorates upon taking damage. [potion of mutation]
  1207 | D:2      | Gained mutation: You are agile. (Dex +2) [potion of mutation]
  1233 | D:2      | Lost mutation: You are agile. (Dex +2) [potion of cure mutation]
  1233 | D:2      | Lost mutation: You are dopey. (Int -2) [potion of cure mutation]
  1233 | D:2      | Lost mutation: Your body sometimes deteriorates upon taking damage. [potion of cure mutation]
  1689 | D:3      | Noticed Philosophy's ghost (amateur FoFi)
  2094 | D:3      | Reached XP level 4. HP: 19/24 MP: 4/11
  2199 | D:4      | Learned a level 4 spell: Sticky Flame
  2284 | D:4      | Found Sefruluh's Antique Armour Boutique.
  2430 | D:4      | Slain by a hound

Skill      XL: |  1  2  3  4 |
---------------+-------------+-----
Conjurations   | 2 3 |  3.2
Fire Magic     | 4 |  4.7
Spellcasting   | 4 |  4.0
Dodging        | |  2.4
Stealth        | |  2.4

Action                   |  1- 3 |  4- 6 || total
-------------------------+-------+-------++-------
 Cast: Flame Tongue      |    82 |    16 ||    98
  Use: Potion            |     9 |     2 ||    11
  Eat: Chunk             |     3 |     2 ||     5
Armor: Robe              |     4 |     2 ||     6
Dodge: Dodged            |    16 |    13 ||    29
